 Dungeon Crawl Stone Soup version 0.29.1-15-g9cfb28693d (webtiles) character file.

Game seed: 4321456216892432062

114 Carnifexus the Trooper (level 4, -1/35 HPs)
             Began as a Demonspawn Fighter on Mar 26, 2023.
             Was an Initiate of Trog.
             Killed by nerve-wracking pain
             ... invoked by Grinder
              (10 damage)
             ... on level 4 of the Dungeon.
             The game lasted 00:05:55 (2650 turns).

Carnifexus the Trooper (Demonspawn Fighter)         Turns: 2650, Time: 00:05:57

Health: -1/35      AC: 15    Str: 18    XL:     4   Next: 66%
Magic:  4/4        EV:  6    Int: 10    God:    Trog [......]
Gold:   132        SH:  4    Dex: 12    Spells: 3/3 levels left

rFire   . . .      SeeInvis .   a - +0 flail
rCold   . . .      Faith    .   c - +0 buckler
rNeg    . . .      Spirit   .   f - +0 chain mail
rPois   .          Reflect  .   (helmet restricted)
rElec   .          Harm     .   (no cloak)
rCorr   .          Rampage  .   (no gloves)
Will    .....                   (no boots)
Stlth   ..........              (no amulet)
HPRegen 0.11/turn               (no ring)
MPRegen 0.09/turn               (no ring)

@: mighty, sanguine armoured
A: antennae 1, powered by death 1, sanguine armour 1
a: Renounce Religion


You were on level 4 of the Dungeon.
You worshipped Trog.
Trog was noncommittal.
You visited 1 branch of the dungeon, and saw 4 of its levels.

You collected 132 gold pieces.

Inventory:

Hand Weapons
 a - a +0 flail (weapon)
 q - a +0 long sword
Armour
 b - a +0 scale mail
 c - a +0 buckler (worn)
 f - a +0 chain mail (worn)
Jewellery
 n - a ring of protection from cold
Scrolls
 g - a scroll of teleportation {unknown}
 h - a scroll of enchant armour {unknown}
 i - a scroll of noise {unknown}
 j - a scroll of identify
 k - a scroll of fog {unknown}
 l - a scroll of torment {unknown}
 o - a scroll of poison {unknown}
Potions
 e - a potion of resistance {unknown}
 m - a potion of mutation
 p - 2 potions of flight {unknown}
 r - a potion of curing {unknown}


   Skills:
 + Level 3.4 Fighting
 * Level 1.0(2.2) Axes
 + Level 3.1(3.2) Maces & Flails
 + Level 3.1 Armour
 + Level 3.1 Shields
 + Level 0.1 Unarmed Combat


You had 3 spell levels left.
You didn't know any spells.
Your spell library contained the following spells:

 Spells                   Type           Power      Damage    Failure   Level
 Apportation              Tloc           0%         N/A       100%        1
 Blink                    Tloc           0%         N/A       100%        2
 Alistair's Intoxication  Tmut/Pois      0%         N/A       100%        5
 Manifold Assault         Tloc           0%         N/A       100%        5
 Storm Form               Tmut/Air       0%         N/A       100%        7


Dungeon Overview and Level Annotations

Branches:
Dungeon (4/15)
 Temple: D:4-7

Altars:
Trog

Annotations:
D:4 Grinder


Innate Abilities, Weirdness & Mutations

You have a pair of small antennae on your head.
You regenerate a little health from kills.
When seriously injured, your blood forms armour. (AC +6)


Message History

You closely miss Grinder.
Grinder is moderately wounded.
Grinder grins, showing sharp teeth.
You block Grinder's attack.
You hit Grinder.
Grinder is moderately wounded.
Grinder gestures at you. Pain shoots through your body!
You closely miss Grinder.
Grinder is moderately wounded.
Grinder hits you but does no damage. Grinder gestures at you.
You suddenly lose the ability to move!
Grinder hits you but does no damage.
You can move again.
You completely miss Grinder.
Grinder is moderately wounded.
Grinder barely misses you.
You closely miss Grinder.
Grinder is moderately wounded.
Grinder hits you but does no damage.
Unknown command.
You closely miss Grinder.
Grinder is moderately wounded.
Grinder blinks!
Unknown command.
Grinder gestures at you.
You suddenly lose the ability to move!
Grinder blinks!
Grinder hits you but does no damage.
You can move again.
You feel very mighty all of a sudden. Grinder barely misses you.
You hit Grinder.
Grinder is heavily wounded.
Grinder hits you!
* * * LOW HITPOINT WARNING * * *
Grinder gestures at you. Pain shoots through your body!
You die...

# .# # #. .#
..##. .# ......
.## #...# ..#
#....##..####
#.<......##
#.#.........#
#....@.......
#...5........
...............
.#............#
.
##.#....#...##
...##.........
#.. #####.....
.. ....


You could see Grinder.

Vanquished Creatures
  4 gnolls (D:3)
  3 adders
  A worm (D:3)
  2 orcs (D:3)
  2 ball pythons
  4 endoplasms
  A giant cockroach (D:2)
  2 goblins
  4 hobgoblins
  8 jackals
  4 kobolds
  3 bats
  2 frilled lizards (D:1)
  4 rats
44 creatures vanquished.

Notes
Turn   | Place    | Note
-------+----------+-------------------------------------------
     0 | D:1      | Carnifexus the Demonspawn Fighter began the quest for the
                  | Orb.
     0 | D:1      | Reached XP level 1. HP: 18/18 MP: 1/1
   639 | D:1      | Gained mutation: You regenerate a little health from kills.
                  | [demonic ancestry]
   639 | D:1      | Reached XP level 2. HP: 24/24 MP: 2/2
  1156 | D:2      | Gained mutation: When seriously injured, your blood forms
                  | armour. (AC +6) [demonic ancestry]
  1156 | D:2      | Reached XP level 3. HP: 25/29 MP: 3/3
  1306 | D:2      | You fall into a shaft and drop 1 floor!
  1313 | D:3      | Found a faded altar of an unknown god.
  1778 | D:3      | Found a bloodstained altar of Trog.
  1783 | D:3      | Became a worshipper of Trog the Wrathful
  1944 | D:3      | Gained mutation: You have a pair of small antennae on your
                  | head. [demonic ancestry]
  1944 | D:3      | Reached XP level 4. HP: 16/35 MP: 4/4
  1947 | D:3      | Reached skill level 1 in Axes
  2629 | D:4      | Noticed Grinder
  2640 | D:4      | Paralysed by Grinder for 2 turns
  2645 | D:4      | Paralysed by Grinder for 4 turns
  2650 | D:4      | Killed from afar by Grinder

Illustrated notes

Levels and vault maps discovered:
D:1:      saegor_arrival_simple_b, layout_loops_corners, serial_aquarium,
          aquarium_bridge_straight [aquarium_subvault_bridge,
          aquarium_subvault_balcony, aquarium_subvault_bridge,
          aquarium_subvault_wall], aquarium_window_1, aquarium_window_1,
          aquarium_window_corridor_1, aquarium_view_2d, aquarium_view_2b
D:2:      layout_basic
D:3:      layout_loops_corners, mainiacjoe_overflow_24_doors,
          chequers_ecumenical_altar_island
D:4:      layout_rooms, uniq_eustachio, uniq_grinder

Skill      XL: |  1  2  3  4 |
---------------+-------------+-----
Maces & Flails | 2 3 |  3.1
Armour         | 3 |  3.1
Shields        | 3 |  3.1
Axes           | 1 |  1.0
Fighting       | |  3.4
Unarmed Combat | |  0.1

Action                   |  1- 3 |  4- 6 || total
-------------------------+-------+-------++-------
Melee: Flail             |   110 |    41 ||   151
       Unarmed           |     4 |       ||     4
  Use: Scroll            |     1 |       ||     1
       Potion            |       |     1 ||     1
Armor: Chain mail        |    67 |    25 ||    92
       Scale mail        |     6 |       ||     6
Dodge: Dodged            |    36 |    17 ||    53
Block: Buckler           |    19 |     5 ||    24
